 Dungeon Crawl Stone Soup version 0.31-a0-210-gccc998df9b (webtiles) character file.

Game seed: 14175141882708439232

858 qw the Skirmisher (level 7, -1/61 HPs)
             Began as a Minotaur Hexslinger on June 29, 2023.
             Succumbed to a water moccasin's poison
             ... on level 6 of the Dungeon.
             The game lasted 00:01:37 (4123 turns).

qw the Skirmisher (Minotaur Hexslinger)             Turns: 4123, Time: 00:01:38

Health: -1/61      AC:  5    Str: 12    XL:     7   Next: 71%
Magic:  7/7        EV: 11    Int: 10    God:
Gold:   112        SH:  0    Dex: 15    Spells: 7/8 levels left

rFire   . . .        Y - +4 sling (chaos)
rCold   + + .        (no shield)
rNeg    . . .        f - +0 ring mail
rPois   .            (helmet restricted)
rElec   .            (no cloak)
rCorr   .            (no gloves)
SInv    .            (no boots)
Will    .....        (no amulet)
Stlth   +            e - ring of protection from cold
HPRegen 0.30/turn    d - ring of protection from cold
MPRegen 0.10/turn

%: no passive effects
@: lethally poisoned (-1 -> -8)
A: horns 2, retaliatory headbutt
a: no special abilities


You were on level 6 of the Dungeon.
You visited 1 branch of the dungeon, and saw 6 of its levels.

You collected 187 gold pieces.
You spent 75 gold pieces at shops.


Innate Abilities, Weirdness & Mutations

You have a pair of horns on your head.
You reflexively headbutt those who attack you in melee.


   Skills:
 - Level 5.1 Fighting
 + Level 8.6 Ranged Weapons
 - Level 1.0 Armour
 - Level 2.1 Dodging
 - Level 1.0 Spellcasting
 - Level 2.0 Hexes


You had 7 spell levels left.
You knew the following spells:

 Your Spells              Type           Power      Damage    Failure   Level
a - Slow                  Hex            16%        N/A       34%         1

Your spell library contained the following spells:

 Spells                   Type           Power      Damage    Failure   Level
 Inner Flame              Hex/Fire       2%         N/A       83%         3
 Portal Projectile        Hex/Tloc       4%         N/A       83%         3
 Cause Fear               Hex            2%         N/A       98%         4

Inventory:

Hand Weapons
 Y - a +4 sling of chaos (weapon)
Armour
 f - a +0 ring mail (worn)
Jewellery
 d - a ring of protection from cold (right hand)
 e - a ring of protection from cold (left hand)
Scrolls
 a - 4 scrolls of teleportation
 c - a scroll of identify
Potions
 b - a potion of curing
 g - a potion of haste
 h - a potion of heal wounds {unknown}
 i - a potion of experience {unknown}

Dungeon Overview and Level Annotations

Branches:
Dungeon (6/15)
 Temple: D:4-7

Altars:
Fedhas
Ru
The Shining One

Shops:
D:3 ?   D:4 (:[:


Message History

The sling bullet hits the water moccasin.
The sling bullet burns the water moccasin.
The water moccasin is moderately wounded.
You feel very sick.
The water moccasin bites you but does no damage.
The water moccasin bites you.
You are lethally poisoned!
The water moccasin poisons you!
You shoot a sling bullet.
The sling bullet closely misses the water moccasin.
You feel extremely sick.
The water moccasin bites you but does no damage.
4119 ||| READING 5 scrolls of teleportation.
As you read the scroll of teleportation, it crumbles to dust.
You feel strangely unstable.
You feel very sick. The water moccasin bites you.
The water moccasin bites you but does no damage.
You shoot a sling bullet.
The sling bullet barely misses the water moccasin.
You feel very sick.
The water moccasin completely misses you.
You shoot a sling bullet.
The sling bullet hits the water moccasin but does no damage.
The water moccasin seems to speed up.
The water moccasin is moderately wounded.
You feel very sick. The water moccasin closely misses you.
The water moccasin barely misses you.
You shoot a sling bullet.
The sling bullet barely misses the water moccasin.
Your surroundings suddenly seem different.
An ufetubus comes into view.
You feel sick.
The killer bee buzzes angrily. x2; The ufetubus shouts!
You hear an angry buzzing noise. x3
Enter note:
Enter note: You shoot a sling bullet.
The sling bullet barely misses the ufetubus.
You die...

.# ####+#.#
#......# #.
#..5...# y.
#......###
#.......###
#........#
#...@..#
##.....#
###+###


You could see a killer bee and an ufetubus.

Vanquished Creatures
  3 black bears
  An ogre (D:4)
  A crimson imp (D:3)
  A hound (D:4)
  A gnoll bouda (D:4)
  3 orc priests
  Natasha (thrice) (D:3)
  2 iguanas (D:4)
  3 gnolls (D:4)
  6 adders
  2 worms
  2 dart slugs
  13 orcs
  7 bats
  5 endoplasms
  3 giant cockroaches
  4 goblins
  7 hobgoblins
  8 quokkas
  5 ball pythons
  4 frilled lizards
  3 goblin zombies (D:3)
  5 hobgoblin zombies (D:3)
  5 kobolds
  A kobold zombie (D:3)
  3 orc skeletons (D:3)
  2 orc zombies (D:3)
  6 rats
109 creatures vanquished.

Notes
Turn   | Place    | Note
-------+----------+-------------------------------------------
     0 | D:1      | qw the Minotaur Hexslinger began the quest for the Orb.
     0 | D:1      | Reached XP level 1. HP: 16/16 MP: 1/1
     0 | D:1      | 0 ||| qw: Version: 0.3-a-24-ga2abf7b
     0 | D:1      | 0 ||| qw: Game counter: 6977
     0 | D:1      | 0 ||| qw: Melee chars always use a shield: true
     0 | D:1      | 0 ||| qw: God list: Okawaru
     0 | D:1      | 0 ||| qw: Allow faded altars: false
     0 | D:1      | 0 ||| qw: Do Orc after clearing Dungeon:15 true
     0 | D:1      | 0 ||| qw: Do second Lair branch before Depths: true
     0 | D:1      | 0 ||| qw: Lair rune preference: random
     0 | D:1      | 0 ||| qw: Goals: Normal
     0 | D:1      | 0 ||| PLANNING D:1-11
    75 | D:1      | Found a faded altar of an unknown god.
   124 | D:1      | Reached skill level 3 in Ranged Weapons
   124 | D:1      | Reached XP level 2. HP: 23/23 MP: 2/2
   340 | D:1      | You fall into a shaft and drop 1 floor!
   401 | D:2      | 401 ||| UPGRADING to +0 ring mail.
   411 | D:2      | 411 ||| DROPPING +0 robe.
   412 | D:2      | 412 ||| UPGRADING to ring of protection from cold.
   413 | D:2      | 413 ||| READING scroll labelled BAKONTEXADGH.
   414 | D:2      | 414 ||| READING scroll labelled LOQIUN REVO.
   415 | D:2      | 415 ||| DROPPING scroll of poison.
   418 | D:2      | 418 ||| FLEEEEING.
   419 | D:2      | 419 ||| FLEEEEING.
   420 | D:2      | 420 ||| FLEEEEING.
   424 | D:2      | 424 ||| STAIRDANCE
   744 | D:1      | 744 ||| READING scroll labelled ESAOFUA ZEKOBA.
   745 | D:1      | 745 ||| READING scroll labelled ACHABR RIBUX.
   828 | D:2      | Reached XP level 3. HP: 23/29 MP: 3/3
   913 | D:2      | Reached skill level 4 in Ranged Weapons
  1090 | D:2      | Found a blossoming altar of Fedhas.
  1104 | D:2      | Reached skill level 1 in Armour
  1315 | D:2      | Reached XP level 4. HP: 30/36 MP: 4/4
  1484 | D:2      | 1484 ||| READING 2 scrolls labelled ZOPPUGGUUGG.
  1488 | D:2      | 1488 ||| DRINKING 2 sedimented ruby potions.
  1532 | D:3      | 1532 ||| Stepping ~*~*~tactically~*~*~ (outnumbered).
  1534 | D:3      | 1534 ||| Stepping ~*~*~tactically~*~*~ (outnumbered).
  1539 | D:3      | 1539 ||| STAIRDANCE
  1604 | D:3      | 1604 ||| STAIRDANCE
  1712 | D:3      | Reached skill level 5 in Ranged Weapons
  1761 | D:3      | Found a glowing golden altar of the Shining One.
  1775 | D:3      | Reached XP level 5. HP: 41/41 MP: 5/5
  1812 | D:3      | Reached skill level 3 in Fighting
  2031 | D:3      | Noticed Natasha
  2035 | D:3      | Killed Natasha
  2122 | D:3      | Noticed Natasha
  2130 | D:3      | Killed Natasha
  2131 | D:3      | Reached skill level 6 in Ranged Weapons
  2202 | D:3      | Found Yntucs's Magic Scroll Boutique.
  2206 | D:3      | Noticed Natasha
  2214 | D:3      | Killed Natasha
  2215 | D:3      | Reached XP level 6. HP: 51/51 MP: 6/6
  2221 | D:3      | 2221 ||| BUYING scroll of enchant weapon (75 gold).
  2221 | D:3      | Bought a scroll of enchant weapon for 75 gold pieces
  2221 | D:3      | 2221 ||| SHOPLISTING scroll of identify (20 gold, have 15).
  2221 | D:3      | 2221 ||| READING 3 scrolls of enchant weapon.
  2221 | D:3      | 2221 ||| ENCHANTING +1 sling of chaos.
  2222 | D:3      | 2222 ||| READING 2 scrolls of enchant weapon.
  2222 | D:3      | 2222 ||| ENCHANTING +2 sling of chaos.
  2223 | D:3      | 2223 ||| READING scroll of enchant weapon.
  2223 | D:3      | 2223 ||| ENCHANTING +3 sling of chaos.
  2375 | D:3      | Found a sacrificial altar of Ru.
  2455 | D:3      | 2455 ||| UPGRADING to ring of protection from cold.
  2456 | D:3      | 2456 ||| DROPPING +6 ring of intelligence.
  2457 | D:3      | 2457 ||| DRINKING 2 fizzy brown potions.
  2562 | D:3      | 2562 ||| DROPPING potion of invisibility.
  2563 | D:3      | 2563 ||| DROPPING potion of berserk rage.
  2676 | D:4      | Found Atzoih's Book Shop.
  2676 | D:4      | Noticed a walking frostbound tome
  2677 | D:4      | Noticed a walking frostbound tome
  2684 | D:4      | 2684 ||| READING scroll labelled GUVIYSHR TITWUL.
  2936 | D:4      | Found Ybranwuo's Book Emporium.
  3044 | D:4      | Reached skill level 7 in Ranged Weapons
  3044 | D:4      | Reached XP level 7. HP: 60/60 MP: 7/7
  3183 | D:4      | Found Unups's Antique Weapon Shoppe.
  3222 | D:4      | Found Netwifoo's Antique Armour Emporium.
  3230 | D:4      | 3230 ||| SHOPLISTING embroidered robe (92 gold, have 57).
  3246 | D:4      | Reached skill level 8 in Ranged Weapons
  3446 | D:4      | 3446 ||| READING 2 scrolls of identify.
  3446 | D:4      | 3446 ||| IDENTIFYING clear potion
  3447 | D:4      | 3447 ||| DROPPING potion of attraction.
  3491 | D:5      | Entered Level 5 of the Dungeon
  3969 | D:5      | 3969 ||| READING scroll labelled HECURUVORGHUD.
  3970 | D:5      | 3970 ||| DRINKING 2 pink potions.
  4118 | D:6      | HP: 14/61 [poisoned by a water moccasin]
  4119 | D:6      | 4119 ||| READING 5 scrolls of teleportation.
  4120 | D:6      | HP: 5/61 [poisoned by a water moccasin]
  4121 | D:6      | HP: 2/61 [poisoned by a water moccasin]
  4123 | D:6      | Succumbed to a water moccasin's poison

Levels and vault maps discovered:
D:1:      dpeg_arrival_round_a, layout_rooms, hellmonk_ecumenical_altar_blasted
D:2:      layout_loops_ring, basic_altar, minivault_26, roderic_roman_lattice,
          minivault_14, hangedman_decor_clover_reticule, minmay_misc_feat_cross,
          nicolae_elevator_lobby_plus
D:3:      layout_loops_ring, nicolae_ru_sacrificial_ziggurat,
          nicolae_tso_besieged_by_evil, serial_shops, shop, grunt_ministairs_6,
          uniq_natasha
D:4:      layout_loops_ring, serial_shops, shop,
          nicolae_shop_pleasant_corner_grove, nicolae_shop_mannequins,
          kennysheep_mini_moat
D:5:      layout_basic, minmay_statues_item
D:6:      layout_gridville, minmay_temple_entry_purple_smoke,
          gammafunk_ghost_hive

Skill      XL: |  1  2  3  4  5  6  7 |
---------------+----------------------+-----
Ranged Weapons | 3 4 5 6 7 8 |  8.6
Fighting       | 2 3 4 5 |  5.1
Armour         | 1 |  1.0
Dodging        | |  2.1
Spellcasting   | |  1.0
Hexes          | |  2.0

Action                     |  1- 3 |  4- 6 |  7- 9 || total
---------------------------+-------+-------+-------++-------
   Fire: Sling             |   104 |   194 |    71 ||   369
    Use: Scroll            |     4 |     5 |     3 ||    12
         Potion            |       |     2 |     1 ||     3
 Armour: Ring mail         |     8 |    21 |     4 ||    33
         Robe              |     2 |       |       ||     2
  Dodge: Dodged            |    39 |    42 |    14 ||    95

Table legend:
 A = Non-vault XP
 B = Vault XP
 C = Vault XP percentage of total XP
 D = Non-vault monster count
 E = Vault monster count
 F = Vault count percentage of total count
                 A         B        C        D         E       F
            +---------+---------+-------+---------+---------+-------
      Total |    1122 |     105 |   8.6 |      92 |      18 |  16.4
            +---------+---------+-------+---------+---------+-------
        D:1 |      30 |       0 |   0.0 |      18 |       0 |   0.0
        D:2 |      72 |       0 |   0.0 |      24 |       0 |   0.0
        D:3 |     178 |     105 |  37.1 |      15 |      18 |  54.5
        D:4 |     614 |       0 |   0.0 |      26 |       0 |   0.0
        D:5 |      86 |       0 |   0.0 |       7 |       0 |   0.0
        D:6 |     142 |       0 |   0.0 |       2 |       0 |   0.0
            +---------+---------+-------+---------+---------+-------
